 Dungeon Crawl Stone Soup version 0.23-a0-565-g3e74e4c (webtiles) character file.

14 Leeroy the Charmwright (level 2, -2/23 HPs)
             Began as a Merfolk Skald on Dec 13, 2018.
             Slain by a worm (9 damage)
             ... on level 2 of the Dungeon.
             The game lasted 00:01:22 (656 turns).

Leeroy the Charmwright (Merfolk Skald)               Turns: 656, Time: 00:01:23

Health: -2/23      AC:  3    Str: 11    XL:     2   Next: 41%
Magic:  5/5        EV: 12    Int: 12    God:
Gold:   25         SH:  0    Dex: 13    Spells: 4/5 levels left

rFire    . . .     SeeInvis .   a - +0 falchion
rCold    . . .     Gourm    .   (no shield)
rNeg     . . .     Faith    .   b - +0 leather armour
rPois    .         Spirit   .   (no helmet)
rElec    .         Reflect  .   (no cloak)
rCorr    .         Harm     .   (no gloves)
MR       .....                  (no boots)
Stlth    +.........             (no amulet)
HPRegen  0.07/turn              (no ring)
MPRegen  0.09/turn              (no ring)

@: no status effects
A: change form in water, swift swim, stealthy swim
a: no special abilities


You were on level 2 of the Dungeon.
You were not hungry.

You visited 1 branch of the dungeon, and saw 2 of its levels.

You collected 25 gold pieces.

Inventory:

Hand Weapons
 a - a +0 falchion (weapon)
Missiles
 e - 25 stones (quivered)
 j - a throwing net
Armour
 b - a +0 leather armour (worn)
Scrolls
 f - a scroll of identify {unknown}
 g - 2 scrolls of teleportation {unknown}
 i - a scroll of remove curse {unknown}
Potions
 c - a potion of degeneration {unknown}
 h - a potion of curing
 l - a potion of lignification {unknown}
Comestibles
 d - 4 rations
 k - a chunk of flesh


   Skills:
 + Level 2.4 Fighting
 * Level 2.3 Long Blades
 + Level 0.6 Armour
 * Level 3.0 Dodging
 + Level 2.1 Spellcasting
 + Level 3.5 Charms


You had 4 spell levels left.
You knew the following spells:

 Your Spells              Type           Power        Failure   Level  Hunger
a - Infusion              Chrm           #...         9%          1    ##.....

Your spell library contained the following spells:

 Spells                   Type           Power        Failure   Level  Hunger
 Song of Slaying          Chrm           #.......     12%         2    ###....
 Shroud of Golubria       Chrm/Tloc      #.........   26%         2    ###....
 Regeneration             Chrm/Necr      #.........   45%         3    ####...
 Spectral Weapon          Hex/Chrm       #.......     45%         3    ####...


Dungeon Overview and Level Annotations

Branches:
Dungeon (2/15)

Altars:


Message History

You hit the worm.
The worm is heavily wounded.
You barely miss the worm.
The worm is heavily wounded.
The worm barely misses you.
You hit the worm.
The worm is heavily wounded.
The worm bites you!
* * * LOW HITPOINT WARNING * * *
You barely miss the worm.
The worm is heavily wounded.
You see here a smoky orange potion.
l - a smoky orange potion It was a potion of curing.
You feel better.
You hit the worm.
The worm is severely wounded.
The worm bites you!
Found a whip.
The worm bites you!
You die...

#.# .# #.# #.# #.####.#
#.#....# #.#....######
### #.#.......... ....
#รท#......# ....)
########.#......###......
...............w@........
########.###....##.......
.....# #.# #..$.# .......
####.# #.# #....# .......
#<##.# #.# ###### .......
#.##.# #.# ....... #.##.#
#.# ....... #.##.# #.#
....... #.##.#


You could see a worm.

Vanquished Creatures
  A dart slug (D:1)
  A giant cockroach (D:1)
  4 goblins (D:1)
  A frilled lizard (D:1)
  2 kobolds (D:1)
  4 rats
13 creatures vanquished.

Notes
Turn   | Place    | Note
-------+----------+-------------------------------------------
     0 | D:1      | Leeroy the Merfolk Skald began the quest for the Orb.
     0 | D:1      | Reached XP level 1. HP: 16/16 MP: 3/3
   203 | D:1      | Reached XP level 2. HP: 16/22 MP: 5/5
   656 | D:2      | Slain by a worm

Vault maps used:
D:1:      grunt_arrival_lava_bath
D:2:      lemuel_doored_altar, first_ration, nicolae_gozag_seed_capital

Skill      XL: |  1  2 |
---------------+-------+-----
Dodging        | 3 |  3.0
Fighting       | |  2.4
Long Blades    | |  2.3
Armour         | |  0.6
Spellcasting   | |  2.1
Charms         | |  3.5

Action                   || total
-------------------------++-------
Melee: Falchion          ||    35
  Use: Potion            ||     1
Armor: Leather armour    ||     4
Dodge: Dodged            ||    19
       Rpst.: Falchion   ||     4

Table legend:
 A = Non-vault XP
 B = Vault XP
 C = Vault XP percentage of total XP
 D = Non-vault monster count
 E = Vault monster count
 F = Vault count percentage of total count
                 A         B        C        D         E       F
            +---------+---------+-------+---------+---------+-------
      Total |      20 |       0 |   0.0 |      13 |       0 |   0.0
            +---------+---------+-------+---------+---------+-------
        D:1 |      19 |       0 |   0.0 |      12 |       0 |   0.0
        D:2 |       1 |       0 |   0.0 |       1 |       0 |   0.0
            +---------+---------+-------+---------+---------+-------
